 Dungeon Crawl Stone Soup version 0.29.1-15-g9cfb28693d (webtiles) character file.

Game seed: 16993132268389080103

3859 Heoruswealwe the Summoner (level 9, -1/45 HPs)
             Began as a Deep Elf Summoner on Mar 4, 2023.
             Was an Initiate of Gozag.
             Killed by divine providence
             ... invoked by an orc priest
              (11 damage)
             ... on level 7 of the Dungeon.
             The game lasted 02:28:32 (10686 turns).

Heoruswealwe the Summoner (Deep Elf Summoner)      Turns: 10686, Time: 02:28:32

Health: -1/45      AC:  7    Str:  5    XL:     9   Next: 99%
Magic:  36/37      EV: 12    Int: 25    God:    Gozag
Gold:   394        SH:  0    Dex: 15    Spells: 26/34 levels left

rFire   . . .      SeeInvis +   D - +5 dagger (freeze)
rCold   . . .      Faith    .   (no shield)
rNeg    . . .      Spirit   .   a - +1 robe
rPois   .          Reflect  .   q - +2 helmet
rElec   .          Harm     .   U - +0 cloak
rCorr   .          Rampage  .   (no gloves)
Will    .....                   (no boots)
Stlth   ++........              (no amulet)
HPRegen 0.15/turn               r - ring of see invisible
MPRegen 0.25/turn               y - ring of magical power

@: gold aura, studying Summonings
A: no striking features
a: Renounce Religion, Potion Petition, Call Merchant, Bribe Branch


You were on level 7 of the Dungeon.
You worshipped Gozag.
Gozag was aware of your devotion.
You visited 2 branches of the dungeon, and saw 8 of its levels.

You collected 570 gold pieces.
You donated 18 gold pieces to Zin.
You paid 158 gold pieces to Gozag.

Inventory:

Hand Weapons
 c - a +0 dagger
 e - a +0 sling
 h - a +0 club
 i - a +0 dagger
 j - a +0 club
 l - a +0 dagger
 n - a +0 dagger
 s - a +0 hand axe
 t - a +0 mace
 z - a +0 flail of venom
 D - a +5 dagger of freezing (weapon)
 J - a +0 short sword
 L - a +0 war axe
 P - a +0 flail
 Q - a +0 antimagic spear
 R - a +0 whip
 T - a +0 club
 Y - a +0 flail
 Z - a +0 sling
Missiles
 f - 7 poisoned darts
 V - 2 throwing nets
Armour
 a - a +1 robe (worn)
 q - a +2 helmet (worn)
 u - a +0 leather armour
 v - a +0 leather armour
 w - a +0 leather armour
 x - a +0 robe
 F - a +1 scale mail of fire resistance
 G - a +0 leather armour
 M - +0 swamp dragon scales
 N - a +0 ring mail
 S - a +0 ring mail
 U - a +0 cloak (worn)
Jewellery
 r - a ring of see invisible (left hand)
 y - a ring of magical power (right hand)
Wands
 A - a wand of digging (7)
Scrolls
 k - 2 scrolls of amnesia
 p - 3 scrolls of summoning
 B - 5 scrolls of teleportation
 H - a scroll of enchant weapon
 I - 3 scrolls of fear
 O - 2 scrolls of blinking
 W - 2 scrolls of identify
Potions
 b - a potion of magic
 d - a potion of resistance
 g - a potion of heal wounds
 m - a potion of curing
 o - 3 potions of brilliance
 C - a potion of flight
 E - 2 potions of haste
 K - a potion of cancellation
 X - a potion of invisibility


   Skills:
 - Level 2.4 Dodging
 - Level 2.4 Stealth
 + Level 13.4 Spellcasting
 + Level 13.5 Summonings


You had 26 spell levels left.
You knew the following spells:

 Your Spells              Type           Power      Damage    Failure   Level
a - Summon Small Mammal   Summ           100%       N/A       0%          1
b - Call Canine Familiar  Summ           71%        N/A       1%          3
c - Summon Lightning Spi  Summ/Air       50%        N/A       2%          4

Your spell library contained the following spells:

 Spells                   Type           Power      Damage    Failure   Level
 Call Imp                 Summ           71%        N/A       1%          2
 Summon Guardian Golem    Hex/Summ       50%        N/A       1%          3
 Ozocubu's Armour         Ice            16%        N/A       11%         3
 Ozocubu's Refrigeration  Ice            8%         4d9       100%        7


Dungeon Overview and Level Annotations

Branches:
Dungeon (7/15)             Temple (1/1) D:7

Altars:
Cheibriados
Dithmenos
Elyvilon
Gozag
Makhleb
Okawaru
Qazlal
Sif Muna
Trog
Uskayaw
Vehumet
Wu Jian
Xom
Yredelemnul
Zin


Message History

Your warg bites the water moccasin.
The water moccasin bites your warg.
Your warg dies!
Your warg's corpse disappears in a puff of smoke!
Casting: Call Canine Familiar (safe; 1% risk of failure)
Confirm with . or Enter, or press ? or * to list all spells.
The orc priest is distracted by your dazzling golden aura.
You barely miss the water moccasin.
The water moccasin is heavily wounded.
The water moccasin bites you but does no damage.
Your warg misses the water moccasin. The water moccasin bites you.
The orc priest is no longer distracted by gold.
Your warg bites the water moccasin.
The water moccasin closely misses your warg.
Your warg completely misses the water moccasin.
The water moccasin bites your warg.
The water moccasin barely misses your warg.
Your warg barely misses the water moccasin.
The orc priest miscasts a cantrip.
The water moccasin bites your warg.
Your warg bites the water moccasin!
The water moccasin closely misses your warg.
Your warg closely misses the water moccasin.
The water moccasin bites your warg.
Your warg bites the water moccasin!
The water moccasin dies!
Your warg bites the wight!
Your warg bites the wight but does no damage.
You see here a +0 hand axe.
Your warg bites the wight!
The wight is destroyed!
The orc hits your warg with a +0 dagger.
Your warg barely misses the orc.
Your warg bites the orc!
The orc dies!
The orc priest calls down the wrath of Beogh upon you.
Beogh smites you!
* * * LOW HITPOINT WARNING * * *
The orc priest mumbles some strange prayers to Beogh against you.
Beogh smites you!
You die...
Your body crumbles into a pile of gold.

#.##+# #.# ..#####$##.#
#.# #......o#.# #.#
#.....)h..# #.#
#......#..#### #.#
#......#.$...# #.#
########.)...# #.#
#.....# #.# ##@...# #.#
#....# #.# #..##### #.#
##########......#####.#
#........(..###.#))...#
#...............>.#####
#...........#######
#...........#
#...........#


You could see an orc priest (ally target) and a friendly warg (summoned).

Vanquished Creatures
  A jelly (D:7)
  An orc priest (D:7)
  A gnoll (D:6)
  An adder (D:2)
  A worm (D:2)
  An orc (D:3)
  2 bats
  2 endoplasms
  A giant cockroach (D:1)
  A goblin (D:1)
  A hobgoblin (D:1)
  A jackal (D:2)
  3 kobolds
  A quokka (D:2)
  3 ball pythons
  4 rats
  9 bushes (D:1)
34 creatures vanquished.

Vanquished Creatures (collateral kills)
  Maggie (D:7)
  Sigmund (D:2)
  4 yaks (D:7)
  Eustachio (D:5)
  The ghost of Peloso the Covered, an amateur MiFi (D:3)
  Edmund (D:6)
  2 water moccasins (D:7)
  An ice beast (D:5)
  A black bear (D:6)
  An ogre (D:3)
  A kobold brigand (D:6)
  2 phantoms
  2 bullfrogs
  A gnoll sergeant (D:7)
  3 scorpions
  6 wights
  8 hounds
  3 orc priests
  2 gnoll boudas (D:6)
  3 iguanas
  8 orc wizards
  Robin (D:2)
  11 gnolls
  7 adders
  2 white imps
  2 ufetubi
  2 worms
  2 dart slugs
  26 orcs
  6 ball pythons
  6 endoplasms
  3 giant cockroaches
  9 goblins
  10 hobgoblins
  4 jackals
  A quokka (D:4)
  4 bats
  4 frilled lizards
  11 kobolds
  4 rats
  10 bushes (D:1)
178 creatures vanquished.

Vanquished Creatures (others)
  3 fungi (D:3)
  8 plants
11 creatures vanquished.

Grand Total: 223 creatures vanquished

Notes
Turn   | Place    | Note
-------+----------+-------------------------------------------
     0 | D:1      | Heoruswealwe the Deep Elf Summoner began the quest for the
                  | Orb.
     0 | D:1      | Reached XP level 1. HP: 10/10 MP: 6/6
   379 | D:1      | Reached XP level 2. HP: 15/15 MP: 6/8
  1073 | D:1      | Reached skill level 5 in Summonings
  1073 | D:1      | Reached XP level 3. HP: 17/19 MP: 8/10
  1077 | D:1      | Learned a level 3 spell: Call Canine Familiar
  3517 | D:2      | Noticed Sigmund
  3540 | D:2      | Killed Sigmund
  3541 | D:2      | Reached XP level 4. HP: 6/24 MP: 10/14
  3541 | D:2      | Reached XP level 5. HP: 7/28 MP: 10/15
  3804 | D:2      | Noticed Robin
  3817 | D:2      | Killed Robin
  4488 | D:3      | Reached XP level 6. HP: 31/32 MP: 13/17
  4946 | D:3      | Found an ornate altar of the Wu Jian Council.
  4957 | D:3      | Reached XP level 7. HP: 36/36 MP: 20/20
  5037 | D:3      | Found a faded altar of an unknown god.
  5049 | D:3      | Prayed at the altar of an unknown god.
  5049 | D:3      | Became a worshipper of Zin the Law-Giver
  5049 | D:3      | Reached * piety under Zin
  5049 | D:3      | Reached ** piety under Zin
  5051 | D:3      | Fell from the grace of Zin
  5140 | D:3      | Found a runed translucent gate.
  5141 | D:3      | Found a runed translucent gate.
  5142 | D:3      | Found a runed translucent gate.
  5142 | D:3      | Identified the +3 ring mail of the Moon {rCorr Int+6
                  | Slay-2}
  5143 | D:3      | Noticed Peloso's ghost (amateur MiFi)
  5265 | D:3      | Killed Peloso's ghost
  7137 | D:4      | Learned a level 4 spell: Summon Lightning Spire
  7536 | D:5      | Entered Level 5 of the Dungeon
  7568 | D:5      | Reached XP level 8. HP: 41/41 MP: 23/23
  7671 | D:5      | Noticed Eustachio
  7695 | D:5      | Killed Eustachio
  8049 | D:5      | Reached skill level 10 in Spellcasting
  9120 | D:6      | Found a hide-covered altar of Uskayaw.
  9315 | D:6      | Reached skill level 10 in Summonings
  9435 | D:6      | Reached XP level 9. HP: 45/45 MP: 26/26
  9435 | D:6      | Noticed Edmund
  9449 | D:6      | Killed Edmund
 10199 | D:7      | Found a staircase to the Ecumenical Temple.
 10209 | Temple   | Entered the Ecumenical Temple
 10209 | Temple   | Found a transporter.
 10209 | Temple   | Found a transporter.
 10213 | Temple   | Found a transporter.
 10213 | Temple   | Found a transporter.
 10259 | Temple   | Became a worshipper of Gozag Ym Sagoz the Greedy
 10317 | D:7      | Noticed Maggie
 10335 | D:7      | Killed Maggie
 10686 | D:7      | Killed from afar by an orc priest

Illustrated notes

Levels and vault maps discovered:
D:1:      evilmike_arrival_fibonacci_small, layout_basic, serial_forest,
          infiniplex_forest_end_2, infiniplex_forest_end_2,
          infiniplex_forest_diagonal, infiniplex_forest_straight_1,
          infiniplex_forest_lined_2, infiniplex_forest_end_1,
          hangedman_decor_slide_cut, wad_floor_pattern_untrapped,
          minmay_heptomino_l4
D:2:      layout_basic, uniq_robin, uniq_sigmund
D:3:      layout_loops_ring, nicolae_wu_jian_wuxing_cycle,
          shapermc_ecumenical_altar_petra, biasface_ghost_orc_armoury,
          minmay_misc_feat_iff, chequers_mini_garden, dk_noncrumbling_2,
          minmay_divided_ellipse
D:4:      layout_basic
D:5:      layout_loops_ring, uniq_eustachio
D:6:      layout_basic, eat_drink_and_be_merry_uskayaw, minmay_manual_mess,
          uniq_edmund
D:7:      layout_basic, minmay_temple_entry_proselytizer, uniq_joseph,
          uniq_maggie, uniq_pikel
Temple:   hellmonk_temple_divided_pantheon

Skill      XL: |  1  2  3  4  5  6  7  8  9 |
---------------+----------------------------+-----
Spellcasting   | 4 6 7 9 11 13 | 13.4
Summonings     | 5 6 7 8 10 13 | 13.5
Dodging        | |  2.4
Stealth        | |  2.4

Action                   |  1- 3 |  4- 6 |  7- 9 || total
-------------------------+-------+-------+-------++-------
Melee: Short sword       |   305 |    23 |     4 ||   332
       Punch             |    41 |       |     1 ||    42
       Hand axe          |  1495 |       |       ||  1495
       Dagger            |       |       |    33 ||    33
 Cast: Summon Small Mamm |    29 |       |       ||    29
       Call Canine Famil |    23 |    14 |    50 ||    87
       Summon Lightning  |       |       |     3 ||     3
Invok: Renounce Religion |       |       |     1 ||     1
  Use: Scroll            |     3 |     3 |    12 ||    18
       Potion            |     3 |       |     3 ||     6
 Stab: Sleeping          |     2 |       |       ||     2
Armor: Robe              |    12 |     2 |    20 ||    34
Dodge: Dodged            |    35 |    19 |    46 ||   100
